cohdb
Replays
Latest Replays
All Replays
Popular Replays
Top Player Replays
Match Explorer
How It Works
Community
CoH3 Stats
Reddit
Sign in to upload your games and track your stats! →
Sign in with Steam
Match 42262687
Unlisted
Match 42262687
Overview
Messages
Build Orders
End
Construct Barracks
Selects Advanced Infantry Battlegroup
Riflemen Squad
Riflemen Squad
M1 Mortar Team
Grenade Package
Riflemen Squad
Air Support Center
Selects Convert to Ranger Squad
P-47 Dive Bomb
Convert to Ranger Squad
Construct Weapon Support Center
M1919 Machine Gun Team
P-47 Strafing Run
Grasshopper Recon Run
Construct Motor Pool
Riflemen Squad
Convert to Ranger Squad
Grasshopper Recon Run
M8 Greyhound Armored Car
P-47 Strafing Run
Riflemen Squad
Engineer Squad
Grasshopper Recon Run
Convert to Ranger Squad
Grasshopper Recon Run
P-47 Dive Bomb
AI Takeover
StormblasT
SneaKerz
gb_gbg
A fiendish vampire
Superbiz2
Waffles
Keno
The Broken Ace
0
0
Comments
sign in to comment!
No comments posted yet!